 Dungeon Crawl Stone Soup version 0.25-a0-681-gdf4e720381 (webtiles) character file.

Game seed: 2088047798256909176, levelgen mode: deterministic

515 CryoSword the Sneak (level 7, -2/41 HPs)
             Began as a Vampire Enchanter on Mar 30, 2020.
             Slain by a slave (3 damage)
             ... led by Pikel
             ... on level 4 of the Dungeon.
             The game lasted 00:26:44 (6419 turns).

CryoSword the Sneak (Vampire Enchanter)             Turns: 6419, Time: 00:26:44

Health: -2/41      AC:  5    Str:  8    XL:     7   Next: 0%
Magic:  9/11       EV: 14    Int: 18    God:
Gold:   222        SH:  0    Dex: 20    Spells: 6/12 levels left

rFire    + . .     SeeInvis +   a - +1 dagger
rCold    . . .     Gourm    .   (no shield)
rNeg     . . .     Faith    .   A - +0 leather armour
rPois    .         Spirit   .   (no helmet)
rElec    .         Reflect  .   o - +0 cloak
rCorr    .         Harm     .   t - +0 pair of gloves
MR       .....                  (no boots)
Stlth    +++.......             (no amulet)
HPRegen  0.33/turn              B - +5 ring of dexterity {=R}
MPRegen  0.12/turn              c - ring of protection from fire

@: regenerating quickly
A: no food, fangs 3, see invisible, [frail 1], unbreathing
a: Exsanguinate


You were on level 4 of the Dungeon.
You were alive.

You visited 1 branch of the dungeon, and saw 4 of its levels.
You also visited: Sewer.

You collected 222 gold pieces.

Inventory:

Hand Weapons
 a - a +1 dagger (weapon)
 b - a +0 hunting sling
   (You found it on level 3 of the Dungeon)
Missiles
 d - 224 stones (quivered)
 y - 52 sling bullets
Armour
 o - a +0 cloak (worn)
   (You found it on level 2 of the Dungeon)
 t - a +0 pair of gloves (worn)
   (You found it on level 3 of the Dungeon)
 A - a +0 leather armour (worn)
   (You found it on level 3 of the Dungeon)
Jewellery
 c - a ring of protection from fire (right hand)
   (You found it on level 1 of the Dungeon)
 m - an uncursed ring of poison resistance
   (You took it off a goblin on level 1 of the Dungeon)
 B - a +5 ring of dexterity (left hand) {=R}
   (You found it on level 4 of the Dungeon)
Scrolls
 e - 4 scrolls of identify {unknown}
 h - 2 scrolls of remove curse {unknown}
 j - a scroll of fear {unknown}
 k - a scroll of blinking {unknown}
 q - 2 scrolls of fog {unknown}
 r - 3 scrolls of amnesia {unknown}
 s - 2 scrolls of enchant weapon {unknown}
 u - a scroll of teleportation {unknown}
Potions
 f - 3 potions of brilliance {unknown}
 g - 3 potions of curing {unknown}
 i - a potion of haste {unknown}
 l - 6 potions of heal wounds {unknown}
 n - 3 potions of might {unknown}
 p - a potion of berserk rage {unknown}
 v - 2 potions of flight {unknown}
 x - a potion of stabbing {unknown}
 z - 2 potions of lignification {unknown}


   Skills:
 + Level 0.1 Fighting
 * Level 4.8 Short Blades
 + Level 3.7 Dodging
 - Level 6.2 Stealth
 + Level 3.0 Spellcasting
 - Level 5.1 Hexes
 + Level 2.5 Ice Magic


You had 6 spell levels left.
You knew the following spells:

 Your Spells              Type           Power        Failure   Level  Hunger
a - Corona                Hex            ###....      3%          1    N/A
b - Ensorcelled Hibernat  Hex/Ice        ###...       8%          2    N/A
c - Confusing Touch       Hex            ###.....     9%          3    N/A

Your spell library contained the following spells:

 Spells                   Type           Power        Failure   Level  Hunger
 Tukima's Dance           Hex            ###.....     9%          3    N/A
 Dazzling Flash           Conj/Hex       ##....       24%         3    N/A

Dungeon Overview and Level Annotations

Branches:
Dungeon (4/15)              Sewer (visited)
 Temple: D:4-7

Altars:
Xom

Annotations:
D:4 Pikel


Innate Abilities, Weirdness & Mutations

You do not eat.
Your natural rate of healing is unusually fast.
You have razor-sharp teeth.
You have supernaturally acute eyesight. (SInv)
You can survive without breathing.
[You are frail. (-10% HP)]


Message History

Found 24 stones.
Aim: an orc wizard, wielding a +0 dagger and wearing a +0 robe (fast, slightly transparent, chance to defeat MR: 47%)
The orc wizard resists with some effort.
The orc wizard barely misses you. The orc wizard closely misses you.
Aim: an orc wizard, wielding a +0 dagger and wearing a +0 robe (fast, slightly transparent, chance to defeat MR: 47%)
The orc wizard looks drowsy...
The helpless orc wizard fails to defend itself.
You skewer the orc wizard like a kebab!!!
You kill the orc wizard!
Your Spellcasting skill increases to level 3!
Throwing (i - inventory. (/) - cycle)
w - 3 poisoned darts (quivered)
Aim: an orc wizard, wielding a +0 dagger and wearing a +0 robe (severely wounded)
You throw a poisoned dart. The poisoned dart hits the orc wizard.
The orc wizard is poisoned.
The orc hits you with a +0 hand axe.
Throwing (i - inventory. (/) - cycle)
w - 2 poisoned darts (quivered)
Aim: an orc wizard, wielding a +0 dagger and wearing a +0 robe (almost dead, poisoned)
You throw a poisoned dart.
The poisoned dart closely misses the orc wizard.
The orc wizard points at you and mumbles some strange words.
The puff of flame hits you. You resist. The orc hits you but does no damage.
You kill the orc wizard!
Found 13 gold pieces.
Aim: an orc, wielding a +0 hand axe and wearing a +0 scale mail (chance to defeat MR: 64%)
The orc resists with significant effort.
The orc barely misses you.
Aim: an orc, wielding a +0 hand axe and wearing a +0 scale mail (chance to defeat MR: 64%)
The orc looks drowsy...
The orc hits you with a +0 hand axe.
* * * LOW HITPOINT WARNING * * *
The helpless orc fails to defend itself.
You spit the orc like a pig!!!
You kill the orc!
Your hands begin to glow red.
The orc hits you but does no damage.
You hit the orc but do no damage.
The orc appears confused.
Your bite misses the orc. The orc misses you.
You hit the orc. You hit the orc. You hit the orc.
You kill the orc!
d - 225 stones (gained 24)
You start resting.
You start resting.
Items here: )) [ †† a +0 hand axe x2; a +0 scale mail; an orc corpse x2
Things that are here:
a +0 dagger; a +0 robe; an orc corpse
Things that are here:
a +0 dagger; a +0 robe
w - 2 poisoned darts (gained 1)
Things that are here:
a +0 dagger; a +0 robe
Things that are here:
a +0 dagger; a +0 robe; an orc corpse You now have 188 gold pieces (gained 13).
As you open the door, it creaks loudly!
There is an open door here.
There is an open door here.
There is an open door here.
y - 49 sling bullets (gained 1)
y - 50 sling bullets (gained 1)
y - 51 sling bullets (gained 1)
y - 52 sling bullets (gained 1)
You now have 198 gold pieces (gained 10).
There is an open door here.
Found a stone staircase leading up.
Found a spear.
There is an open door here.
You see here a spear.
You open the door.
There is an open door here.
There is an open door here.
Search for what [Enter for "sling", or ? for help]? armor You open the door.
There is an open door here.
Found a stone staircase leading down.
There is a stone staircase leading down here.
You now have 214 gold pieces (gained 16).
There is an open door here.
e - 4 scrolls labeled HAYMYL QANORCH (gained 1)
A worker ant comes into view.
A worker ant is nearby!
A worker ant is nearby!
The worker ant twitches its antennae in your direction.
Aim: a worker ant (chance to defeat MR: 55%)
The worker ant resists with significant effort.
You hit the worker ant but do no damage.
The worker ant misses you.
Aim: a worker ant (chance to defeat MR: 55%)
The worker ant resists with significant effort.
The worker ant closely misses you.
Aim: a worker ant (chance to defeat MR: 55%)
The worker ant resists with significant effort.
The worker ant bites you.
Aim: a worker ant (chance to defeat MR: 55%)
The worker ant looks drowsy...
The helpless worker ant fails to defend itself.
You stick the worker ant like a pincushion!!!
You kill the worker ant!
You have reached level 7!
You start resting.
You start resting.
You open the door.
There is an open door here.
You open the door.
There is an open door here.
You now have 222 gold pieces (gained 8).
There is an open door here. 2 slaves come into view. 2 slaves and Pikel come into view.
Pikel is wielding a +0 whip of freezing and wearing a +0 robe of cold resistance.
Pikel shouts!
The slave shouts! x2
There is an open door here.
You close the door.
Pikel opens the door.
Throwing (i - inventory. (/) - cycle)
w - 2 poisoned darts (quivered)
Aim: Pikel, wielding a +0 whip of freezing and wearing a +0 robe of cold resistance You throw a poisoned dart.
The poisoned dart hits Pikel.
Pikel is poisoned.
Throwing (i - inventory. (/) - cycle)
w - a poisoned dart (quivered)
Aim: Pikel, wielding a +0 whip of freezing and wearing a +0 robe of cold resistance (poisoned)
You throw a poisoned dart. The poisoned dart hits Pikel.
Pikel looks even sicker.
Throwing (i - inventory)
d - 225 stones (quivered)
Aim: Pikel, wielding a +0 whip of freezing and wearing a +0 robe of cold resistance (very poisoned)
You throw a stone. The stone closely misses Pikel.
The stone hits the slave.
Your hands begin to glow red.
You hit Pikel but do no damage.
Pikel appears confused.
You bite Pikel, but do no damage.
Pikel hits the slave but does no damage.
You hit Pikel. Your bite misses Pikel. The slave hits you!
The slave barely misses you. The slave closely misses you. Pikel misses you.
The slave closely misses you.
You hit Pikel but do no damage. The slave hits you.
The slave closely misses you. Pikel hits you but does no damage.
The slave barely misses you.
You hit Pikel but do no damage. Your bite misses Pikel. The slave misses you.
The slave hits you.
Pikel barely misses the slave.
The slave hits you but does no damage.
You hit Pikel. The slave hits you! The slave completely misses you.
You strike the helpless Pikel from behind!
You impale Pikel!! The slave barely misses you. The slave misses you.
The slave hits you but does no damage. The slave hits you.
* * * LOW HITPOINT WARNING * * *
You hit Pikel. The slave hits you!
* * * LOW HITPOINT WARNING * * *
The slave hits you but does no damage. Pikel misses you.
You hit Pikel. You bite Pikel, but do no damage. The slave hits you!
* * * LOW HITPOINT WARNING * * *
The slave hits you.
* * * LOW HITPOINT WARNING * * *
The slave hits you.
You die...

.#...#.........................#
##...#.........................#
.#...#............##############
.'...#............#
.#...#............#
##...#............#
##...#............#
#....#..........p.#
#....#.........K@p#
#.%..'.........p.p#
#....#...........(#
#....#...........(##############
'....#....................†....#
#.....#####....................#
##....# ###+####.............#
###+### #......#.............#
......# #......#..p..........#


You could see Pikel (confused) and 4 slaves.

Vanquished Creatures
  An ogre (D:4)
  A big kobold (Sewer)
  2 orc wizards (D:4)
  A worker ant (D:4)
  A gnoll (D:1)
  12 adders
  4 river rats (Sewer)
  2 oozes
  2 worms
  A dart slug (D:2)
  3 leopard geckos
  7 orcs
  3 bats (D:3)
  8 giant cockroaches
  7 hobgoblins
  4 jackals (D:4)
  A quokka (D:2)
  2 ball pythons
  2 frilled lizards (D:1)
  7 goblins
  19 kobolds
  A leopard gecko skeleton (D:4)
  43 rats
134 creatures vanquished.

Notes
Turn   | Place    | Note
-------+----------+-------------------------------------------
     0 | D:1      | CryoSword the Vampire Enchanter began the quest for the
                  | Orb.
     0 | D:1      | Reached XP level 1. HP: 13/13 MP: 3/3
   269 | D:1      | Reached XP level 2. HP: 13/19 MP: 1/5
   447 | D:1      | Learned a level 2 spell: Ensorcelled Hibernation
   812 | D:1      | Reached XP level 3. HP: 24/24 MP: 2/6
  1489 | D:2      | Reached skill level 5 in Stealth
  1596 | D:2      | Reached skill level 5 in Hexes
  1835 | D:2      | Found a shimmering altar of Xom,
  2058 | D:2      | Reached XP level 4. HP: 30/30 MP: 7/7
  2063 | D:2      | Learned a level 3 spell: Confusing Touch
  2126 | D:2      | Reached skill level 1 in Ice Magic
  3003 | D:3      | Found a glowing drain,
  3031 | Sewer    | Entered a sewer
  3209 | Sewer    | Reached XP level 5. HP: 28/28 MP: 3/8
  4271 | Sewer    | Reached XP level 6. HP: 31/32 MP: 6/9
  5592 | D:4      | Reached skill level 6 in Stealth
  6274 | D:4      | Reached XP level 7. HP: 35/41 MP: 2/11
  6383 | D:4      | Noticed Pikel
  6419 | D:4      | HP: 1/41 [slave[Pikel] (3)]
  6419 | D:4      | Slain by a slave

Levels and vault maps discovered:
D:1:      nicolae_arrival_somewhat_less_tricky_arrival, layout_basic,
          minmay_rat_gold_closets
D:2:      layout_basic, lemuel_doored_altar
D:3:      layout_loops_ring, portal_sewer_entry_b
D:4:      layout_gridville, first_ration, moated_statue,
          minmay_misc_feat_pillars, uniq_pikel

Skill      XL: |  1  2  3  4  5  6 |
---------------+-------------------+-----
Short Blades   | 2 3 4 |  4.8
Stealth        | 5 6 |  6.2
Hexes          | 5 |  5.1
Ice Magic      | 1 2 |  2.5
Dodging        | 3 |  3.7
Spellcasting   | 3 |  3.0
Fighting       | |  0.1

Action                   |  1- 3 |  4- 6 |  7- 9 || total
-------------------------+-------+-------+-------++-------
Melee: Dagger            |    69 |   267 |     8 ||   344
       Bite              |     4 |    13 |     2 ||    19
 Fire: Hunting sling     |       |     6 |       ||     6
Throw: Stone             |     6 |    13 |     1 ||    20
       Dart              |       |     5 |     2 ||     7
 Cast: Corona            |    13 |     1 |       ||    14
       Ensorcelled Hiber |    18 |    48 |       ||    66
       Confusing Touch   |       |     9 |     1 ||    10
 Abil: Exsanguinate      |       |     1 |       ||     1
       Revivify          |       |     1 |       ||     1
 Stab: Distracted        |     1 |       |       ||     1
       Sleeping          |    19 |    49 |       ||    68
       Confused          |       |     6 |     1 ||     7
Armor: Robe              |     3 |    38 |       ||    41
       Leather armour    |       |    24 |     4 ||    28
Dodge: Dodged            |    37 |   179 |    11 ||   227

Table legend:
 A = Non-vault XP
 B = Vault XP
 C = Vault XP percentage of total XP
 D = Non-vault monster count
 E = Vault monster count
 F = Vault count percentage of total count
                 A         B        C        D         E       F
            +---------+---------+-------+---------+---------+-------
      Total |     450 |     286 |  38.9 |      73 |      61 |  45.5
            +---------+---------+-------+---------+---------+-------
        D:1 |      42 |       9 |  17.6 |      17 |       9 |  34.6
        D:2 |      76 |       0 |   0.0 |      15 |       0 |   0.0
        D:3 |      68 |       6 |   8.1 |      28 |       4 |  12.5
        D:4 |     264 |       0 |   0.0 |      13 |       0 |   0.0
      Sewer |       0 |     271 | 100.0 |       0 |      48 | 100.0
            +---------+---------+-------+---------+---------+-------
